[Event "23nd Wasselonne Open 2018"]
[Site "Wasselonne"]
[Date "2018.08.03"]
[Round "4"]
[White "Lerch, Patrice"]
[Black "Luba, Lukasz"]
[Result "1-0"]
[ECO "B10"]
[WhiteElo "2388"]
[BlackElo "2117"]
[Annotator "NA"]
[PlyCount "107"]
[EventDate "2018.08.02"]
[EventType "swiss"]
[EventCountry "FRA"]
[SourceTitle "playchess.com"]
[Source "ChessBase"]
[SourceQuality "1"]
[TimeControl "5400+30"]

1. e4 c6 2. Ne2 d5 3. e5 f5 4. Nf4 g6 5. d4 Nh6 6. c4 $16 e6 7. Nc3 Bd7 8. Qb3 Na6 9. c5 Nc7 10. Qxb7 Kf7 11. Nh3 Ng8 12. Qb3 Bh6 13. Qd1 Kg7 14. Be2 Bxc1 15. Qxc1 h6 16. f4 h5 17. O-O Nh6 18. Qd2 Qe7 19. b4 Rhb8 20. Rfb1 Rb7 21. Nf2 Rab8 22. a3 Ng4 23. Nd3 Rh8 24. Bf1 Qh4 25. g3 Qe7 26. h4 Rhb8 27. Nc1 Rf8 28. Nb3 Rbb8 29. Bd3 Rf7 30. Na5 Rbf8 31. Ne2 Rb8 32. Rb2 Qf8 33. Kg2 Re7 34. Rab1 Ree8 35. Nc3 Nb5 36. a4 Nxd4 37. Ba6 Rxb4 38. Rxb4 Nc2 39. Rb7 Nce3+ 40. Kh1 Re7 41. Be2 Rf7 42. Bxg4 Nxg4 43. Rxa7 g5 44. Rbb7 Be8 45. fxg5 Qxc5 46. Nb3 Qc4 47. Kg2 Kg6 48. Qd4 Rxb7 49. Rxb7 c5 50. Qxc4 dxc4 51. Na5 Nxe5 52. Ne2 f4 53. Nxf4+ Kf5 54. Rc7 1-0

[Event "23nd Wasselonne Open 2018"]
[Site "Wasselonne"]
[Date "2018.08.03"]
[Round "4"]
[White "Msellek, Ilyass"]
[Black "Bellahcene, Bilel"]
[Result "1/2-1/2"]
[ECO "D05"]
[WhiteElo "2242"]
[BlackElo "2507"]
[Annotator "RC"]
[PlyCount "43"]
[EventDate "2018.08.02"]
[EventType "swiss"]
[EventCountry "FRA"]
[SourceTitle "playchess.com"]
[Source "ChessBase"]
[SourceQuality "1"]
[TimeControl "5400+30"]

1. d4 Nf6 2. Nf3 e6 3. e3 d5 4. Bd3 c5 5. b3 Nbd7 6. Bb2 Be7 7. Nbd2 b6 8. O-O Bb7 9. Ne5 O-O 10. f4 Ne4 11. Nxe4 dxe4 12. Bc4 Nxe5 13. dxe5 Qxd1 14. Rfxd1 Bc6 15. a4 a6 16. Be2 g6 17. Kf2 h5 18. g3 b5 19. axb5 axb5 20. Rxa8 Rxa8 21. Ra1 Rxa1 22. Bxa1 1/2-1/2

[Event "23nd Wasselonne Open 2018"]
[Site "Wasselonne"]
[Date "2018.08.03"]
[Round "4"]
[White "Briet, Antoine"]
[Black "Stephan, Victor"]
[Result "1/2-1/2"]
[ECO "C42"]
[WhiteElo "2208"]
[BlackElo "2361"]
[Annotator "NA"]
[PlyCount "123"]
[EventDate "2018.08.02"]
[EventType "swiss"]
[EventCountry "FRA"]
[SourceTitle "playchess.com"]
[Source "ChessBase"]
[SourceQuality "1"]
[TimeControl "5400+30"]

1. e4 e5 2. Nf3 Nf6 3. Nxe5 d6 4. Nf3 Nxe4 5. d4 d5 6. Bd3 Nc6 7. O-O Be7 8. c4 Nb4 9. Be2 O-O 10. Nc3 Bf5 11. a3 Nxc3 12. bxc3 Nc6 $1 13. Re1 Re8 {[%emt 0:02:15] LiveBook: 432 Games} 14. Bf4 Rc8 $11 15. cxd5 Qxd5 16. h3 h6 17. Nd2 Bf6 18. Bf3 Rxe1+ 19. Qxe1 Qd7 20. Ne4 Bxe4 21. Qxe4 Re8 22. Qd5 Qe7 23. Rb1 Nd8 24. Qa5 Ne6 25. Bg3 b6 26. Qxa7 Bh4 27. Bc6 Rd8 28. Bxh4 Qxh4 29. Re1 Qf4 30. Re3 Qd6 31. Qa4 Nf4 32. Bf3 Qg6 33. Re8+ Rxe8 34. Qxe8+ Kh7 35. Be4 f5 36. Qxg6+ Kxg6 37. Bf3 Kf6 38. Kf1 g5 39. g3 Ng6 40. Ke2 Ke6 41. Kd3 Kd6 42. Kc4 Nf8 43. Bb7 f4 44. Bc8 Ng6 45. Bf5 Ne7 46. Be4 fxg3 47. fxg3 c6 48. a4 Ng8 49. Kb4 Nf6 50. Bf3 h5 51. c4 g4 52. hxg4 hxg4 53. c5+ bxc5+ 54. dxc5+ Kc7 55. Be2 Ne4 56. Bxg4 Nxg3 57. Kc4 Ne4 58. Kd4 Nf6 59. Be6 Nh7 60. a5 Ng5 61. Bg4 Kb7 62. Ke5 1/2-1/2

[Event "23nd Wasselonne Open 2018"]
[Site "Wasselonne"]
[Date "2018.08.03"]
[Round "4"]
[White "Thomas, Anysia"]
[Black "Mohota, Nisha"]
[Result "0-1"]
[ECO "E10"]
[WhiteElo "2168"]
[BlackElo "2268"]
[Annotator "NA"]
[PlyCount "74"]
[EventDate "2018.08.02"]
[EventType "swiss"]
[EventCountry "FRA"]
[SourceTitle "playchess.com"]
[Source "ChessBase"]
[SourceQuality "1"]
[TimeControl "5400+30"]

1. d4 Nf6 2. c4 e6 3. Nf3 d5 4. g3 Bb4+ 5. Bd2 Bd6 6. Bg2 c6 7. Qc2 Ne4 {[%emt 0:03:38] LiveBook: 4 Games} 8. Nc3 Nxd2 9. Nxd2 f5 $11 10. O-O O-O 11. c5 Bc7 12. f4 Nd7 13. Nf3 Qe7 14. b4 Nf6 15. Ne5 Bd7 16. Qd3 Be8 17. e3 g5 18. Rab1 b6 19. Qa6 bxc5 20. bxc5 Bxe5 21. fxe5 Ng4 22. Rb7 Qd8 23. Rxa7 Rxa7 24. Qxa7 Nxe3 25. Rb1 g4 26. Ne2 f4 27. Nxf4 Qg5 28. Rb7 Qf5 29. Qb6 Nxg2 30. Kxg2 Qe4+ 31. Kg1 Qxd4+ 32. Kf1 Qd1+ 33. Kf2 Qd2+ 34. Kg1 Qe1+ 35. Kg2 Bg6 36. Rg7+ Kxg7 37. Qa7+ Kg8 0-1